 Dungeon Crawl Stone Soup version 0.20.0-15-g7f486f2 (webtiles) character file.

65 dvd the Sneak (level 3, -1/16 HPs)
             Began as a Spriggan Enchanter on June 21, 2017.
             Slain by Natasha (6 damage)
             ... on level 2 of the Dungeon.
             The game lasted 00:08:21 (2685 turns).

dvd the Sneak (Spriggan Enchanter)                  Turns: 2685, Time: 00:08:23

Health: -1/16      AC:  2    Str:  4    XL:     3   Next: 94%
Magic:  0/8        EV: 18    Int: 17    God:
Gold:   51         SH:  0    Dex: 16    Spells: 2/8 levels left

rFire    . . .     SeeInvis +   a - +3 short sword (venom)
rCold    . . .     Gourm    .   (shield restricted)
rNeg     . . .     Faith    .   b - +0 robe
rPois    .         Spirit   .   (helmet restricted)
rElec    .         Reflect  .   (no cloak)
rCorr    .         Harm     .   (gloves unavailable)
MR       .....                  (boots unavailable)
Stlth    +++.......             (no amulet)
Regen    0.1/turn               (no ring)
MPRegen  0.2/turn               (no ring)

@: very slightly contaminated, slowed, quick
A: unfitting armour, see invisible, herbivore 3, speed 3, slow metabolism 2
a: no special abilities


You were on level 2 of the Dungeon.
You were not hungry.

You visited 1 branch of the dungeon, and saw 2 of its levels.

You collected 51 gold pieces.

Inventory:

Hand Weapons
 a - a +3 short sword of venom (weapon)
 m - a +1 dagger
Armour
 b - a +0 robe (worn)
Scrolls
 e - a scroll of recharging {unknown}
 g - a scroll of immolation
Potions
 j - a potion of might {unknown}
 n - a potion of heal wounds {unknown}
 o - a potion of curing {unknown}
 r - a potion of haste {unknown}
Books
 c - a book of Maledictions

   Spells                             Type                      Level
   a - Corona                         Hexes                        1
   b - Ensorcelled Hibernation        Hexes/Ice                    2
   c - Confuse                        Hexes                        3
   d - Tukima's Dance                 Hexes                        3
   e - Dazzling Spray                 Conjuration/Hexes            3
Comestibles
 d - 2 bread rations


   Skills:
 + Level 0.1 Fighting
 + Level 1.7 Short Blades
 + Level 3.2 Dodging
 + Level 5.5 Stealth
 + Level 3.4 Spellcasting
 + Level 4.1 Hexes
 + Level 0.5 Ice Magic


You had 2 spell levels left.
You knew the following spells:

 Your Spells              Type           Power        Failure   Level  Hunger
a - Corona                Hex            ###....      3%          1    None
b - Ensorcelled Hibernat  Hex/Ice        ##....       10%         2    ##.....
c - Confuse               Hex            ###.....     9%          3    ###....


Dungeon Overview and Level Annotations

Branches:
Dungeon (2/15)

Altars:

Annotations:
D:2 Natasha


Innate Abilities, Weirdness & Mutations

You are very small and have problems with some larger weapons.
You are too small for most types of armour.
You have supernaturally acute eyesight. (SInv)
You are a herbivore.
You cover ground extremely quickly.
You need consume almost no food.


Message History

Natasha casts a spell at you. The magic dart hits you!
Ouch! That really hurt!
Natasha completely misses you.
Unknown command.
Casting: Confuse
Confirm with . or Enter, or press ? or * to list all spells.
Aiming: Confuse
Press: ? - help, Shift-Dir - straight line, f/p - Natasha
Aim: Natasha (chance to defeat MR: 48%)
You miscast Confuse.
Nothing appears to happen.
Natasha claws you but does no damage.
Unknown command.
You hit Natasha.
Natasha is poisoned.
Natasha is lightly wounded.
Natasha mumbles some strange words.
Natasha wildly gestures.
Natasha glows brightly for a moment.
Natasha claws you.
You die...

##******* #.,,,,,,*
#.*****.# *****
*##.####*.# *,,,* ***
*,..,..##.# ####
,,,,***,** *,#.*#.##.##
#...
*,,,**,,,*###.#.##.#...#
#.##
**,**,,,,,#..5.h@.....<###
#.#
,,,,**,,,*#.###.##.......#
#.## ,,,,,,,,,,,,*
#.*#.!.....# #...
,,,,***,***,**#.*#.......#
#..# ,**** *,*
*,,,..####...### #..# ,*
**+******###.......# #..#
,* **,,,** #.###.#.#
####... ,* **,,,,,**
#.##..#.# #......
,***,,,,,,,** ##.#...#.#
#.###..


You could see Natasha and a crimson imp.

Vanquished Creatures
  An ooze (D:2)
  3 dart slugs (D:1)
  A ball python (D:1)
  5 bats (D:1)
  4 giant cockroaches (D:1)
  5 goblins
  8 hobgoblins
  10 jackals
  5 kobolds
  5 rats (D:1)
47 creatures vanquished.

Notes
Turn   | Place    | Note
-------+----------+-------------------------------------------
     0 | D:1      | dvd the Spriggan Enchanter began the quest for the Orb.
     0 | D:1      | Reached XP level 1. HP: 9/9 MP: 5/5
   525 | D:1      | Reached XP level 2. HP: 12/13 MP: 5/7
   659 | D:1      | Learned a level 2 spell: Ensorcelled Hibernation
  1410 | D:1      | Reached skill level 5 in Stealth
  1515 | D:1      | Reached XP level 3. HP: 16/16 MP: 2/8
  1824 | D:1      | Learned a level 3 spell: Confuse
  2676 | D:2      | Noticed Natasha
  2685 | D:2      | Slain by Natasha

Skill      XL: |  1  2 |
---------------+-------+-----
Spellcasting   | 3 |  3.4
Stealth        | 5 |  5.5
Hexes          | 4 |  4.1
Fighting       | |  0.1
Short Blades   | |  1.7
Dodging        | |  3.2
Ice Magic      | |  0.5

Action                   || total
-------------------------++-------
Melee: Dagger            ||    79
       Short sword       ||    37
 Cast: Corona            ||    13
       Ensorcelled Hiber ||    39
       Confuse           ||     1
  Use: Scroll            ||     7
 Stab: Sleeping          ||    26
       Distracted        ||     1
  Eat: Royal jelly       ||     1
Armor: Robe              ||    10
Dodge: Dodged            ||    91
